 Dungeon Crawl Stone Soup version 0.30.1-4-g462c640d31 (webtiles) character file.

Game seed: 6754465760662412444

24 Hetzau the Caller (level 2, 0/19 HPs)
             Began as a Demonspawn Summoner on Sept 18, 2023.
             Slain by an adder (2 damage)
             ... on level 2 of the Dungeon.
             The game lasted 00:09:25 (1187 turns).

Hetzau the Caller (Demonspawn Summoner)             Turns: 1187, Time: 00:09:25

Health: 0/19       AC:  4    Str:  8    XL:     2   Next: 79%
Magic:  5/5        EV: 16    Int: 16    God:
Gold:   33         SH:  0    Dex: 13    Spells: 5/6 levels left

rFire   . . .        j - +0 spear
rCold   . . .        (no shield)
rNeg    . . .        k - +0 leather armour
rPois   .            (no helmet)
rElec   .            d - scarf {repulsion}
rCorr   .            (no gloves)
SInv    .            (no boots)
Will    .....        (no amulet)
Stlth   ++           c - ring of flight
HPRegen 0.23/turn    n - +5 ring of evasion
MPRegen 0.09/turn

%: repel missiles
@: on berserk cooldown, flying, slowed, very slow
A: sharp scales 1
a: no special abilities


You were on level 2 of the Dungeon.
You visited 1 branch of the dungeon, and saw 2 of its levels.

You collected 33 gold pieces.

Inventory:

Hand Weapons
 j - a +0 spear (weapon)
Missiles
 l - 3 atropa-tipped darts
Armour
 d - a scarf of repulsion (worn)
 h - a +0 cloak
 k - a +0 leather armour (worn)
Jewellery
 c - a ring of flight (left hand)
 n - a +5 ring of evasion (right hand)
Scrolls
 g - a scroll of blinking {unknown}
 i - 2 scrolls of fog {unknown}
 o - a scroll of immolation {unknown}
Potions
 b - a potion of magic
 e - a potion of mutation {unknown}
 f - a potion of heal wounds {unknown}
 m - a potion of degeneration {unknown}


   Skills:
 - Level 1.7 Dodging
 - Level 1.7 Stealth
 + Level 2.6 Spellcasting
 + Level 4.4 Summonings


You had 5 spell levels left.
You knew the following spells:

 Your Spells              Type           Power      Damage    Failure   Level
a - Summon Small Mammal   Summ           64%        N/A       4%          1

Your spell library contained the following spells:

 Spells                   Type           Power      Damage    Failure   Level
 Call Imp                 Summ           32%        N/A       7%          2
 Call Canine Familiar     Summ           16%        N/A       14%         3
 Summon Guardian Golem    Hex/Summ       9%         N/A       34%         3
 Summon Lightning Spire   Summ/Air       9%         N/A       75%         4


Dungeon Overview and Level Annotations

Branches:
Dungeon (2/15)

Altars:


Innate Abilities, Weirdness & Mutations

You are partially covered in razor-sharp scales. (AC +1, Slay +1)


Message History

Your rat bites the adder.
You feel sick.
You are no longer poisoned.
The adder bites your rat.
Your rat dies!
Your rat's corpse disappears in a puff of smoke!
It was a potion of berserk rage.
A red film seems to cover your vision as you go berserk!
You feel yourself moving faster!
You feel mighty!
You feel a strong urge to attack something.
You are too berserk!
You feel your anger nearly subside.
You are no longer berserk.
You are exhausted.
You feel yourself slow down.
Reach: j) +0 spear
Press: ? - help, Dir - move target, f - adder
Aim: an adder (heavily wounded, about 58% to evade your +0 spear)
You reach to attack!
You closely miss the adder.
The adder is heavily wounded.
The adder closely misses you. The adder attacks as you move away!
The adder misses you. The adder bites you but does no damage.
You closely miss the adder.
The adder is heavily wounded.
The adder misses you. The adder completely misses you.
You barely miss the adder.
The adder is heavily wounded.
The adder bites you but does no damage. x2
You closely miss the adder.
The adder is heavily wounded.
The adder closely misses you. The hobgoblin hits you.
* * * LOW HITPOINT WARNING * * *
The adder bites you but does no damage. The hobgoblin barely misses you.
The adder bites you but does no damage.
You miss the adder.
The adder is heavily wounded.
The adder completely misses you. The hobgoblin hits you.
* * * LOW HITPOINT WARNING * * *
The adder bites you.
You die...

# .. ≈.. #######.#
##.#.#.... ##.......#
.......#. ##.###.####
.≈...≈... #.##
##.###.#...#....≈ #.#
#...........≈... #.##
##.#######.....#.
##.###S..........##...
######..@#.#######....#
#........g..# #.##.# .
#.####.##...######.##...#
#.##...........># #
#.###J.######.#.# #. ##.#
#..# ...... #. #..# #..#
#.#...# #. #.####.[#
#.###.# #. #.##..... ...
.#


You could see an adder, an endoplasm (wandering) and a hobgoblin.

Vanquished Creatures
  2 endoplasms (D:2)
  4 goblins
  A hobgoblin (D:2)
  3 quokkas
  2 ball pythons
  3 bats (D:1)
  A kobold (D:1)
  A rat (D:2)
17 creatures vanquished.

Vanquished Creatures (collateral kills)
  3 goblins (D:1)
  A quokka (D:1)
4 creatures vanquished.

Grand Total: 21 creatures vanquished

Notes
Turn   | Place    | Note
-------+----------+-------------------------------------------
     0 | D:1      | Hetzau the Demonspawn Summoner began the quest for the Orb.
     0 | D:1      | Reached XP level 1. HP: 13/13 MP: 3/3
   339 | D:1      | Gained mutation: You are partially covered in razor-sharp
                  | scales. (AC +1, Slay +1) [demonic ancestry]
   339 | D:1      | Reached XP level 2. HP: 19/19 MP: 5/5
   436 | D:1      | Found a faded altar of an unknown god.
  1187 | D:2      | Slain by an adder

Illustrated notes

Levels and vault maps discovered:
D:1:      minmay_arrival_radiant_lines, layout_rooms,
          hellmonk_ecumenical_altar_prayer_group, serial_bayou,
          serial_bayou_pond_a, serial_bayou_ford_a, serial_bayou_lagoon_b,
          serial_bayou_lagoon_a, serial_bayou_pond_a, serial_bayou_pond_a,
          minmay_tetromino_s4
D:2:      layout_loops_ring, chequers_serial_rivers_marsh, corexii_corridor_pit,
          nicolae_kite_square_tiling_tiny

Action                     || total
---------------------------++-------
  Melee: Dagger            ||    11
         Whip              ||     9
         Spear             ||    59
   Cast: Summon Small Mamm ||    22
    Use: Potion            ||     1
   Stab: Sleeping          ||     2
         Distracted        ||     1
 Armour: Robe              ||     5
         Leather armour    ||    14
  Dodge: Dodged            ||    46
